[Event "129th New Zealand Championship 2022"]
[Site "Christchurch"]
[Date "2022.01.03"]
[Round "2.10"]
[White "Metge, J. Nigel"]
[Black "Ha, Huy Minh (Timothy)"]
[Result "1-0"]
[ECO "D43"]
[WhiteElo "1879"]
[BlackElo "1637"]
[Annotator "NA"]
[PlyCount "49"]
[EventDate "2022.01.02"]
[EventType "swiss"]
[EventCountry "NZL"]
[SourceTitle "playchess.com"]
[Source "ChessBase"]
[SourceQuality "1"]
[TimeControl "40/5400+30:1800+30"]

1. d4 d5 2. c4 c6 3. Nc3 Nf6 4. Nf3 e6 5. Bg5 h6 6. Bh4 Bd6 7. e3 Nbd7 8. Qc2 O-O 9. g4 e5 10. g5 hxg5 11. Bxg5 dxc4 12. O-O-O Qa5 13. Rg1 e4 14. Bh6 g6 15. Nxe4 Nxe4 16. Qxe4 Qh5 17. Bxc4 Kh8 18. Bxf8 Nf6 19. Qh4 Qxh4 20. Nxh4 Bxf8 21. Bxf7 Bg7 22. Rxg6 Bd7 23. Rdg1 Nh5 24. R1g5 Bxd4 25. Rxh5# 1-0

[Event "129th New Zealand Championship 2022"]
[Site "Christchurch"]
[Date "2022.01.03"]
[Round "2.11"]
[White "Gomes, Luiz Alexandre de So"]
[Black "Sole, Michael D"]
[Result "0-1"]
[ECO "E30"]
[WhiteElo "2335"]
[BlackElo "1815"]
[Annotator "ChessBase"]
[PlyCount "74"]
[EventDate "2022.01.02"]
[EventType "swiss"]
[EventCountry "NZL"]
[SourceTitle "playchess.com"]
[Source "ChessBase"]
[SourceQuality "1"]
[TimeControl "40/5400+30:1800+30"]

1. d4 Nf6 2. c4 e6 3. Nc3 Bb4 4. Bg5 c5 5. Bd2 cxd4 6. Nb5 Bc5 7. b4 Be7 8. Nxd4 a5 9. a3 Qb6 10. c5 Qd8 11. Nb5 O-O 12. Bf4 Na6 13. g3 Nd5 14. e4 Nxf4 15. gxf4 b6 16. Nd6 bxc5 17. b5 Nb8 18. a4 Ra7 19. Bg2 Bb7 20. Bf3 Bxd6 21. Qxd6 Qf6 22. Qe5 d6 23. Qxf6 gxf6 24. Ne2 f5 25. Nc3 fxe4 26. Bxe4 f5 27. b6 Bxe4 28. Rg1+ Rg7 29. Rxg7+ Kxg7 30. Nxe4 fxe4 31. Kd2 Nc6 32. Kc3 d5 33. Rg1+ Kf7 34. Rg3 Rb8 35. f3 exf3 36. Rxf3 Rxb6 37. f5 Rb3+ 0-1

[Event "129th New Zealand Championship 2022"]
[Site "Christchurch"]
[Date "2022.01.05"]
[Round "4.10"]
[White "Ning, Isabelle Yixuan"]
[Black "Wang, Aaron Ziwen"]
[Result "1-0"]
[ECO "E87"]
[WhiteElo "1796"]
[BlackElo "1788"]
[Annotator "NA RC"]
[PlyCount "49"]
[EventDate "2022.01.02"]
[EventType "swiss"]
[EventCountry "NZL"]
[TimeControl "40/5400+30:1800+30"]

1. d4 Nf6 2. c4 g6 3. Nc3 Bg7 4. e4 d6 5. h3 O-O 6. Be3 e5 7. d5 a5 8. g4 Na6 9. Nge2 h5 10. f3 Nc5 11. Qd2 Nh7 12. O-O-O h4 13. g5 f5 14. gxf6 Qxf6 15. Rg1 Qxf3 16. Bxc5 dxc5 17. Rxg6 Rf6 18. Qh6 Rxg6 19. Qxg6 Bxh3 20. Bxh3 Qxh3 21. Rg1 Qd7 22. Qh5 Qd8 23. Qxe5 Nf6 24. Nf4 Kh8 25. Rxg7 1-0

[Event "129th New Zealand Championship 2022"]
[Site "Christchurch"]
[Date "2022.01.07"]
[Round "6.11"]
[White "Ha, Huy Minh (Timothy)"]
[Black "Tang, Hao"]
[Result "1/2-1/2"]
[ECO "B22"]
[WhiteElo "1637"]
[BlackElo "1838"]
[Annotator "NA RC"]
[PlyCount "159"]
[EventDate "2022.01.02"]
[EventType "swiss"]
[EventCountry "NZL"]
[SourceTitle "playchess.com"]
[Source "ChessBase"]
[SourceQuality "1"]
[TimeControl "40/5400+30:1800+30"]

1. e4 c5 2. c3 d5 3. exd5 Qxd5 4. d4 Nc6 5. Nf3 Bg4 6. Nbd2 cxd4 7. Bc4 Qd7 8. cxd4 e6 9. Bb5 a6 10. Qa4 Bxf3 11. Nxf3 Rc8 12. Bxc6 Qxc6 13. Qxc6+ Rxc6 14. O-O Bd6 15. Bd2 Ne7 16. Rac1 Rb6 17. Rc2 O-O 18. Rfc1 Rd8 19. Ne5 Rb5 20. Nf3 Nc6 21. a3 Rd5 22. Bc3 Bf4 23. Re1 Bb8 24. g3 Ba7 25. Kg2 g6 26. Re4 R8d6 27. b4 Nxd4 28. Nxd4 Bxd4 29. Bxd4 Rxd4 30. Rxd4 Rxd4 31. Rc8+ Kg7 32. Rc7 Rd3 33. Rxb7 Rxa3 34. Rb6 Rb3 35. Rxa6 Rxb4 36. Ra3 h6 37. h3 f5 38. h4 Kf6 39. Kf3 g5 40. hxg5+ hxg5 41. Ra6 Rb3+ 42. Ke2 Rc3 43. Rb6 Rc5 44. Ra6 Rc3 45. Rb6 Ra3 46. Rb5 f4 47. gxf4 gxf4 48. f3 e5 49. Rb6+ Kf5 50. Rb8 Ra2+ 51. Kf1 Ra5 52. Kf2 Ra6 53. Rf8+ Ke6 54. Rd8 Rd6 55. Ra8 Rd2+ 56. Kf1 Rb2 57. Ra5 Kd6 58. Ke1 Rc2 59. Kf1 Rc5 60. Ra2 Kd5 61. Ke2 Rc3 62. Rd2+ Kc4 63. Rd8 Re3+ 64. Kf2 Kc3 65. Ra8 Rd3 66. Re8 Rd2+ 67. Ke1 Rd5 68. Ke2 Kd4 69. Ra8 Rb5 70. Rd8+ Kc3 71. Rc8+ Kb2 72. Rc4 Rb3 73. Re4 Rb5 74. Rc4 Ka3 75. Rc8 Kb4 76. Kd3 Rc5 77. Rb8+ Ka5 78. Ke4 Rc3 79. Kxe5 Rxf3 80. Ke4 1/2-1/2